 Dungeon Crawl Stone Soup version 0.21-a0-529-g8c7b3f5 (webtiles) character file.

152 Spazmo the Magician (level 5, -2/28 HPs)
             Began as a Deep Elf Fire Elementalist on Dec 9, 2017.
             Was an Initiate of Sif Muna.
             Slain by an orc
             ... wielding a +0 mace
              (5 damage)
             ... on level 2 of the Dungeon.
             The game lasted 00:03:27 (1298 turns).

Spazmo the Magician (Deep Elf Fire Elementalist)    Turns: 1298, Time: 00:03:27

Health: -2/28      AC:  4    Str:  5    XL:     5   Next: 11%
Magic:  3/13       EV: 13    Int: 21    God:    Sif Muna [......]
Gold:   141        SH:  0    Dex: 15    Spells: 2/12 levels left

rFire    . . .     SeeInvis .   m - +4 quarterstaff (chaos)
rCold    . . .     Gourm    .   (shield currently unavailable)
rNeg     . . .     Faith    .   a - +0 robe
rPois    .         Spirit   .   (no helmet)
rElec    .         Reflect  .   n - +1 cloak
rCorr    +         Harm     .   (no gloves)
MR       .....                  (no boots)
Stlth    ++........             (no amulet)
HPRegen  0.09/turn              s - ring of resist corrosion
MPRegen  0.13/turn              (no ring)

@: lethally poisoned (-2 -> -4), very slightly contaminated
A: no striking features
a: Renounce Religion


You were on level 2 of the Dungeon.
You worshipped Sif Muna.
Sif Muna was noncommittal.
You were not hungry.

You visited 1 branch of the dungeon, and saw 3 of its levels.

You collected 141 gold pieces.

Inventory:

Hand Weapons
 d - a +0 short sword
 m - a +4 quarterstaff of chaos (weapon)
Missiles
 i - 61 stones (quivered)
 l - 5 curare-tipped needles
Armour
 a - a +0 robe (worn)
 n - a +1 cloak (worn)
Jewellery
 s - a ring of resist corrosion (left hand)
Scrolls
 j - a scroll of noise {unknown}
 q - a scroll of magic mapping {unknown}
Potions
 e - a potion of mutation
 g - 2 potions of curing {unknown}
 h - a potion of brilliance {unknown}
 k - a potion of invisibility {unknown}
 p - a potion of agility {unknown}
 u - a potion of heal wounds {unknown}
Books
 b - a book of Flames

   Spells                             Type                      Level
   a - Flame Tongue                   Conjuration/Fire             1
   b - Throw Flame                    Conjuration/Fire             2
   c - Conjure Flame                  Conjuration/Fire             3
   d - Inner Flame                    Hexes/Fire                   3
   e - Sticky Flame                   Conjuration/Fire             4
   f - Fireball                       Conjuration/Fire             5
Comestibles
 c - 2 bread rations
 f - 4 fruits
 o - 2 chunks of flesh
 r - a meat ration
 t - a royal jelly


   Skills:
 - Level 3.0 Dodging
 - Level 3.1 Stealth
 + Level 4.4 Spellcasting
 + Level 2.8 Conjurations
 + Level 4.3 Fire Magic


You had 2 spell levels left.
You knew the following spells:

 Your Spells              Type           Power        Failure   Level  Hunger
a - Flame Tongue          Conj/Fire      ###..        2%          1    None
b - Throw Flame           Conj/Fire      ###...       3%          2    #......
c - Conjure Flame         Conj/Fire      ###.....     8%          3    ##.....
d - Sticky Flame          Conj/Fire      ###.....     26%         4    ####...


Dungeon Overview and Level Annotations

Branches:
Dungeon (3/15)

Altars:
Fedhas
Hepliaklqana
Okawaru
Sif Muna


Message History

The flame tongue hits the scorpion.
You kill the scorpion!
Sif Muna accepts your kill.
You have reached level 5!
You feel sick.
You feel sick.
There is a stone staircase leading up here.
The orc hits you with a mace.
* * * LOW HITPOINT WARNING * * *
You climb upwards.
You feel sick.
There is a stone staircase leading down here.
Casting: Flame Tongue
Confirm with . or Enter, or press ? or * to list all spells.
Aiming: Flame Tongue
Press: ? - help, Shift-Dir - straight line, f - orc
Aim: an orc, wielding a mace The flame tongue hits the orc.
The orc is heavily wounded.
The orc hits you with a mace.
You die...

#.......# ##...........##
#.#####.#####.#..........#
#.# #....##............#
..# ##.#.###...........#
### #...# #...........#
#.#.# ##..........#
#.######..........#
#...#.............#
###.#.##.@o.......#
#...##.)........#
######..........#
#..........# ############


You could see an orc.

Vanquished Creatures
  A scorpion (D:3)
  Crazy Yiuf (D:2)
  4 adders
  A worm (D:2)
  2 dart slugs (D:1)
  5 bats
  2 giant cockroaches (D:2)
  2 hobgoblins
  8 goblins
  5 kobolds (D:1)
  3 rats
34 creatures vanquished.

Notes
Turn   | Place    | Note
-------+----------+-------------------------------------------
     0 | D:1      | Spazmo the Deep Elf Fire Elementalist began the quest for the Orb.
     0 | D:1      | Reached XP level 1. HP: 10/10 MP: 6/6
   188 | D:1      | Reached XP level 2. HP: 15/15 MP: 6/8
   192 | D:1      | Learned a level 2 spell: Throw Flame
   754 | D:2      | Found a runed door.
   758 | D:2      | Noticed Crazy Yiuf
   762 | D:2      | Killed Crazy Yiuf
   762 | D:2      | Reached XP level 3. HP: 19/19 MP: 5/10
   787 | D:2      | Found a hazy altar of Hepliaklqana.
   840 | D:2      | Reached XP level 4. HP: 24/24 MP: 3/11
   851 | D:2      | Learned a level 3 spell: Conjure Flame
   856 | D:2      | Learned a level 4 spell: Sticky Flame
   973 | D:2      | Found an iron altar of Okawaru.
   973 | D:2      | Found a deep blue altar of Sif Muna.
   976 | D:2      | Found a blossoming altar of Fedhas.
   982 | D:2      | Became a worshipper of Sif Muna the Loreminder
  1288 | D:3      | Reached XP level 5. HP: 8/28 MP: 2/13
  1298 | D:2      | Slain by an orc

Vault maps used:
D:1:      eino_arrival_tree_alley
D:2:      grunt_temple_overflow_diamond, lemuel_tele_altar,
          uniq_crazy_yiuf_cottage

Skill      XL: |  1  2  3  4 |
---------------+-------------+-----
Dodging        | 3 |  3.0
Stealth        | 3 |  3.1
Conjurations   | 2 |  2.8
Spellcasting   | 4 |  4.4
Fire Magic     | 4 |  4.3

Action                   |  1- 3 |  4- 6 || total
-------------------------+-------+-------++-------
 Cast: Flame Tongue      |    40 |    25 ||    65
  Use: Scroll            |     2 |       ||     2
  Eat: Chunk             |       |     1 ||     1
Armor: Robe              |     1 |     2 ||     3
Dodge: Dodged            |     7 |    11 ||    18

Table legend:
 A = Spawn XP
 B = Non-spawn XP
 C = Spawn XP percentage of total XP
 D = Spawn monster count
 E = Non-spawn monster count
 F = Spawn count percentage of total count
 G = Total turns spent on level
                    A         B        C        D         E        F      G
               +---------+---------+-------+---------+---------+-------+---------
         Total |       0 |     218 |   0.0 |       0 |      34 |   0.0 |  1298
               +---------+---------+-------+---------+---------+-------+---------
           D:1 |       0 |      26 |   0.0 |       0 |      15 |   0.0 |   666
           D:2 |       0 |     107 |   0.0 |       0 |      17 |   0.0 |   603
           D:3 |       0 |      85 |   0.0 |       0 |       2 |   0.0 |    29
               +---------+---------+-------+---------+---------+-------+---------
